Map: Orbital Shipyard

Players

Matiz - Winner!

  • Race: Zerg Zerg

Bop

  • Race: Protoss Protoss

VOD

Have the link to the VOD?

Description

Time

  • Played on: May 6, 2015, 6:17 a.m.
  • Length: 8:20
Show
View Real Time Build Order
Export as new Build Order

Matiz Zerg - Winner!

Build Orders: Hatch First 

Get SALT Encoding   

  12  0:01  Drone  
  13  0:13  Overlord  
  13  0:17  Drone  
  14  0:21  Extractor  
  14  0:23  Drone  
  15  0:32  Drone  
  17  0:35  Drone  
  17  0:53  Hatchery  
  17  0:56  Drone  
  17  1:00  Drone  
  18  1:12  Spawning Pool  
  18  1:14  Drone  
  18  1:19  Drone  
  19  1:29  Extractor  
  19  1:30  Drone  
  19  1:41  Hatchery  
  19  1:44  Drone  
  19  1:59  Queen  
  21  2:04  Queen  
  21  2:06  Zergling x2  
  24  2:10  Drone  
  24  2:13  Drone  
  26  2:19  Overlord  
  26  2:22  Drone  
  27  2:30  Metabolic Boost  
  27  2:35  Drone  
  28  2:39  Drone  
  28  2:40  Drone x2  
  31  2:46  Overlord  
  31  2:48  Drone  
  32  2:58  Queen  
  32  3:02  Drone x3  
  37  3:09  Drone x2  
  37  3:10  Drone x3  
  42  3:13  Zergling x4  
  44  3:20  Zergling x2  
  44  3:21  Zergling x6  
  47  3:29  Roach Warren  
  47  3:30  Overlord  
  45  3:44  Overlord  
  45  3:46  Zergling x10  
  50  3:49  Overlord x2  
  50  3:59  Overlord  
  50  4:05  Drone x6  
  56  4:10  Drone x3  
  56  4:11  Drone  
  56  4:13  Burrow  
  61  4:24  Roach x2  
  61  4:30  Overlord  
  64  4:31  Drone x3  
  64  4:32  Roach  
  66  4:38  Roach  
  66  4:39  Zergling x8  
  66  4:59  Drone x15  
  80  5:05  Extractor  
  79  5:12  Lair  
  78  5:16  Drone x4, Extractor x2  
  80  5:21  Overlord  
  80  5:23  Roach  
  82  5:29  Drone x3  
  82  5:32  Roach  
  82  5:33  Overlord  
  87  5:36  Extractor  
  87  5:37  Roach  
  92  5:42  Roach  
  92  5:43  Overlord, Roach  
  92  5:44  Overlord  
  91  5:50  Roach x3  
  91  5:53  Roach  
  99  5:58  Hatchery  
  99  6:00  Roach x3  
  99  6:01  Queen  
  99  6:05  Roach  
  99  6:10  Roach  
  101  6:17  Drone x15  
  101  6:18  Drone x4  
  97  6:20  Overlord  
  89  6:42  Drone x4  
  89  6:45  Roach x2  
  89  6:46  Roach x4  
  105  6:58  Roach x5  
  105  6:59  Roach  
  105  7:01  Drone x16  
  110  7:10  Drone x2  
  112  7:17  Drone, Queen  
  112  7:22  Roach x6  
  129  7:23  Roach x3  
  129  7:27  Overlord  
  133  7:36  Roach x3  
  133  7:37  Roach x2  
  143  7:39  Overlord x3  
  143  7:53  Drone  
  143  7:54  Drone x2  
  146  8:00  Roach x8  
  146  8:01  Roach x2  
Show
View Real Time Build Order
Export as new Build Order

Bop Protoss 

Build Orders: Nexus First, Mass Adepts 

Get SALT Encoding   

  12  0:02  Probe  
  13  0:14  Probe  
  14  0:41  Nexus  
  14  0:52  Pylon  
  14  1:10  Probe (Chrono Boost), Gateway  
  15  1:21  Probe (Chrono Boost)  
  16  1:27  Assimilator  
  16  1:28  Probe (Chrono Boost)  
  17  1:39  Probe (Chrono Boost)  
  18  1:49  Probe (Chrono Boost)  
  19  1:56  Probe  
  19  1:59  Cybernetics Core  
  20  2:04  Gateway  
  20  2:11  Pylon  
  20  2:17  Probe x2 (Chrono Boost)  
  22  2:27  Probe (Chrono Boost)  
  22  2:28  Probe (Chrono Boost)  
  24  2:37  Adept, Warp Gate (Chrono Boost)  
  24  2:40  Probe  
  26  2:53  Adept  
  28  3:00  Probe x2, Gateway  
  28  3:01  Gateway  
  30  3:09  Adept  
  30  3:12  Probe  
  33  3:18  Pylon  
  33  3:21  Adept  
  34  3:34  Pylon  
  34  3:36  Adept  
  34  3:56  Pylon  
  34  3:57  Gateway  
  34  3:58  Gateway  
  34  4:09  Pylon  
  33  4:20  Adept x4  
  37  4:43  Adept x4  
  35  5:01  Adept x2  
  39  5:13  Adept x4  
  39  5:22  Pylon  
  39  5:23  Pylon  
  39  5:24  Adept  
  39  5:25  Adept  
  41  5:29  Zealot  
  43  5:35  Probe (Chrono Boost)  
  43  5:39  Adept  
  43  5:40  Zealot x2  
  43  5:41  Probe (Chrono Boost)  
  51  5:46  Probe (Chrono Boost)  
  51  5:47  Adept  
  51  5:48  Zealot  
  54  6:05  Zealot x4  
  48  6:25  Adept x4  
  48  6:27  Probe x2 (Chrono Boost)  
  50  6:37  Probe x2 (Chrono Boost)  
  50  6:38  Adept  
  50  6:39  Adept  
  54  6:44  Probe x2 (Chrono Boost)  
  54  6:53  Probe (Chrono Boost)  
  51  7:06  Probe (Chrono Boost)  
  43  7:11  Probe (Chrono Boost)  
  43  7:12  Forge  
  43  7:15  Adept x4  
  46  7:17  Probe (Chrono Boost)  
  46  7:20  Probe (Chrono Boost), Assimilator x2  
  47  7:28  Probe x2 (Chrono Boost)  
  49  7:35  Pylon  
  49  7:36  Pylon  
  45  7:44  Probe (Chrono Boost)  
  46  7:52  Photon Cannon, Assimilator  
  46  7:55  Robotics Facility  
  46  7:56  Probe (Chrono Boost)  
  47  8:03  Probe (Chrono Boost)  
  47  8:04  Probe (Chrono Boost)  
  45  8:18  Stalker x3  
Tags
 
Add a new tag
Caveats
  • Supply blocks, unpowered buildings, or Contaminate may cause inaccurate times.
  • Supply counts are checked every 10 seconds.